 Dungeon Crawl Stone Soup version 0.22.1-5-g62c59d919a (webtiles) character file.

226 Peloso the Shield-Bearer (level 5, -1/47 HPs)
             Began as a Minotaur Fighter on Jan 12, 2019.
             Slain by a gnoll
             ... wielding a +0 halberd
              (8 damage)
             ... on level 4 of the Dungeon.
             The game lasted 00:03:23 (2267 turns).

Peloso the Shield-Bearer (Minotaur Fighter)         Turns: 2267, Time: 00:03:24

Health: -1/47      AC: 12    Str: 20    XL:     5   Next: 69%
Magic:  4/4        EV:  4    Int:  5    God:
Gold:   178        SH: 10    Dex: 11    Spells: 4/4 levels left

rFire    . . .     SeeInvis .   a - +0 long sword
rCold    . . .     Gourm    .   c - +0 shield
rNeg     . . .     Faith    .   h - +0 plate armour
rPois    .         Spirit   .   (helmet restricted)
rElec    .         Reflect  .   (no cloak)
rCorr    .         Harm     .   (no gloves)
MR       .....                  (no boots)
Stlth    ..........             (no amulet)
HPRegen  0.15/turn              (no ring)
MPRegen  0.09/turn              (no ring)

@: no status effects
A: retaliatory headbutt, horns 2
a: no special abilities


You were on level 4 of the Dungeon.
You were very hungry.

You visited 1 branch of the dungeon, and saw 4 of its levels.

You collected 178 gold pieces.

Inventory:

Hand Weapons
 a - a +0 long sword (weapon)
Armour
 b - a +0 scale mail
 c - a +0 shield (worn)
 h - a +0 plate armour (worn)
Wands
 o - a wand of acid (10)
Scrolls
 e - a scroll of enchant armour {unknown}
 i - 3 scrolls of remove curse {unknown}
 j - a scroll of fog {unknown}
 k - 2 scrolls of identify {unknown}
 n - a scroll of enchant weapon {unknown}
 p - a scroll of amnesia {unknown}
 r - a scroll of immolation {unknown}
Potions
 d - 4 potions of curing {unknown}
 g - a potion of agility {unknown}
 l - a potion of haste {unknown}
 m - a potion of lignification {unknown}
 q - 2 potions of resistance {unknown}
 s - a potion of heal wounds {unknown}
 t - a potion of flight {unknown}
Comestibles
 f - 7 rations


   Skills:
 + Level 4.5 Fighting
 + Level 3.2 Long Blades
 + Level 5.1 Armour
 + Level 1.1 Dodging
 + Level 5.6 Shields


You had 4 spell levels left.
You didn't know any spells.
Your spell library was empty.

Dungeon Overview and Level Annotations

Branches:
Dungeon (4/15)
 Temple: D:4-7

Altars:
Hepliaklqana


Innate Abilities, Weirdness & Mutations

You reflexively headbutt those who attack you in melee.
You have a pair of horns on your head.


Message History

The gnoll hits you but does no damage.
You slash the gnoll!
The gnoll is severely wounded.
You block the gnoll's attack. The gnoll barely misses you.
The gnoll hits you but does no damage.
You hit the gnoll.
The gnoll is almost dead.
The gnoll hits you with a halberd!
The gnoll hits you from afar with a spear of freezing.
The gnoll freezes you.
The gnoll hits you from afar with a halberd!
* * * LOW HITPOINT WARNING * * *
You closely miss the gnoll. You headbutt the gnoll.
You kill the gnoll!
The gnoll hits you from afar with a spear of freezing.
* * * LOW HITPOINT WARNING * * *
The gnoll freezes you.
* * * LOW HITPOINT WARNING * * *
The gnoll hits you from afar with a halberd!
You die...

#.####
.(...# .
#.##.# .#
##.##.## ..
...... ####.
#.##.#
(..:..#.##.#
#...g)@.#
#?.#g####
#.....
......(#
........#
##########


You could see 2 gnolls.

Vanquished Creatures
  An ogre (D:2)
  An orc priest (D:3)
  2 adders
  2 gnolls
  2 worms
  3 dart slugs
  3 leopard geckos
  2 orcs (D:3)
  3 giant cockroaches
  8 goblins
  6 hobgoblins
  11 jackals (D:2)
  2 ball pythons
  5 bats
  2 frilled lizards
  4 kobolds
  4 rats
61 creatures vanquished.

Notes
Turn   | Place    | Note
-------+----------+-------------------------------------------
     0 | D:1      | Peloso the Minotaur Fighter began the quest for the Orb.
     0 | D:1      | Reached XP level 1. HP: 19/19 MP: 0/0
    95 | D:1      | Reached XP level 2. HP: 27/27 MP: 1/1
   305 | D:1      | HP: 1/27 [gnoll/halberd (12)]
   736 | D:1      | Reached XP level 3. HP: 33/33 MP: 2/2
   887 | D:2      | Noticed an ogre
   903 | D:2      | Killed an ogre
   903 | D:2      | Reached XP level 4. HP: 10/41 MP: 3/3
  1177 | D:2      | Reached skill level 5 in Shields
  1196 | D:2      | Reached skill level 1 in Dodging
  1224 | D:2      | Reached XP level 5. HP: 39/47 MP: 4/4
  1691 | D:3      | Found a faded altar of an unknown god.
  2015 | D:3      | Found a hazy altar of Hepliaklqana.
  2026 | D:3      | Reached skill level 5 in Armour
  2267 | D:4      | Slain by a gnoll

Skill      XL: |  1  2  3  4  5 |
---------------+----------------+-----
Armour         | 4 5 |  5.1
Shields        | 4 5 |  5.6
Fighting       | 4 |  4.5
Long Blades    | 3 |  3.2
Dodging        | 1 |  1.1

Action                   |  1- 3 |  4- 6 || total
-------------------------+-------+-------++-------
Melee: Long sword        |    50 |    94 ||   144
       Headbutt          |     5 |    14 ||    19
  Use: Potion            |     1 |       ||     1
  Eat: Chunk             |       |     3 ||     3
Armor: Scale mail        |    43 |    14 ||    57
       Plate armour      |       |    62 ||    62
Dodge: Dodged            |    37 |    22 ||    59
Block: Shield            |    59 |    70 ||   129
       Rpst.: Long sword |     5 |     5 ||    10
